 Dungeon Crawl Stone Soup version 0.25.0-46-gbd7b0854d2 (webtiles) character file.

Game seed: 16325532918641259336

28 CrazyMind the Skirmisher (level 3, 0/30 HPs)
             Began as a Formicid Abyssal Knight on July 13, 2020.
             Was a Follower of Lugonu.
             Killed from afar by Natasha (11 damage)
             ... with a magic dart
             ... on level 2 of the Dungeon.
             The game lasted 00:07:45 (1242 turns).

CrazyMind the Skirmisher (Formicid Abyssal Knight)  Turns: 1242, Time: 00:07:45

Health: 0/30       AC:  4    Str: 17    XL:     3   Next: 27%
Magic:  4/4        EV: 11    Int: 11    God:    Lugonu [*.....]
Gold:   65         SH:  0    Dex: 10    Spells: 2/2 levels left

rFire    . . .     SeeInvis +   a - +1 mace
rCold    . . .     Gourm    .   (no shield)
rNeg     . . .     Faith    .   b - +0 leather armour
rPois    +         Spirit   .   (helmet unavailable)
rElec    .         Reflect  .   (no cloak)
rCorr    .         Harm     .   h - +0 pair of gloves
MR       .....                  (no boots)
Stlth    +.........             (no amulet)
HPRegen  0.10/turn              q - ring of poison resistance
MPRegen  0.09/turn              (no ring)

@: no status effects
A: permanent stasis, dig shafts and tunnels, four strong arms, antennae 3
a: Dig, Shaft Self, Depart the Abyss, Renounce Religion


You were on level 2 of the Dungeon.
You worshipped Lugonu.
Lugonu was aware of your devotion.
You were very hungry.

You visited 1 branch of the dungeon, and saw 2 of its levels.
You visited the Abyss 1 time.

You collected 65 gold pieces.

Inventory:

Hand Weapons
 a - a +1 mace (weapon)
Missiles
 d - 6 poisoned darts (quivered)
 e - 81 stones
 n - 9 sling bullets
Armour
 b - a +0 leather armour (worn)
 h - a +0 pair of gloves (worn)
Jewellery
 q - a ring of poison resistance (left hand)
Scrolls
 g - a scroll of blinking {unknown}
 k - a scroll of amnesia {unknown}
 m - a scroll of remove curse {unknown}
 o - a scroll of identify {unknown}
Potions
 i - a potion of stabbing {unknown}
 j - a potion of haste {unknown}
 p - a potion of resistance {unknown}
Comestibles
 c - 3 rations


   Skills:
 + Level 3.8 Fighting
 + Level 2.1 Maces & Flails
 + Level 2.4 Armour
 + Level 1.2 Dodging
 + Level 0.3 Stealth
 + Level 2.6 Invocations


You had 2 spell levels left.
You didn't know any spells.
Your spell library was empty.

Dungeon Overview and Level Annotations

Branches:
Dungeon (2/15)

Altars:

Annotations:
D:2 Natasha


Innate Abilities, Weirdness & Mutations

You cannot be hasted, slowed, berserked, paralysed or teleported.
You can dig through walls and to a lower floor.
Your four strong arms can wield two-handed weapons with a shield.
You have a pair of large antennae on your head. (SInv)


Message History

Natasha claws you but does no damage.
You hit Natasha.
Natasha is moderately wounded.
Natasha claws you!
You hit Natasha.
Natasha is severely wounded.
Natasha claws you.
* * * LOW HITPOINT WARNING * * *
Natasha claws you but does no damage.
You feel better. Natasha claws you!
* * * LOW HITPOINT WARNING * * *
You feel better. Natasha claws you.
You closely miss Natasha.
Natasha is severely wounded.
Natasha claws you.
You hit Natasha.
Natasha is severely wounded.
Natasha casts a spell at you. The magic dart hits you!
You die...

#..... #.....
+..... #.....
#..... #..[.5
#...5h#♣ #@♣
###.♣♣ ####....♣
♣
........♣♣♣♣♣♣.♣
####..♣..♣....♣♣
#...........#
#.........##
#.....######
#..........#


You could see Natasha, a crimson imp (summoned) and a white imp (summoned).

Vanquished Creatures
  An ooze (D:1)
  A dart slug (D:1)
  2 bats (D:1)
  3 hobgoblins (D:1)
  2 jackals (D:1)
  A frilled lizard (D:1)
  5 goblins
  3 kobolds
  4 rats (D:1)
22 creatures vanquished.

Notes
Turn   | Place    | Note
-------+----------+-------------------------------------------
     0 | Abyss:1  | CrazyMind the Formicid Abyssal Knight began the quest for
                  | the Orb.
     0 | Abyss:1  | Reached XP level 1. HP: 18/18 MP: 2/2
    32 | D:1      | Escaped the Abyss
   274 | D:1      | Reached XP level 2. HP: 24/24 MP: 3/3
   395 | D:1      | Reached skill level 1 in Dodging
   568 | D:1      | Reached XP level 3. HP: 28/30 MP: 4/4
  1226 | D:2      | Noticed Natasha
  1242 | D:2      | Killed from afar by Natasha

Illustrated notes

Levels and vault maps discovered:
D:1:      dpeg_arrival_round_c, layout_loops_ring, serial_forest,
          infiniplex_forest_clump_double, infiniplex_forest_fountain,
          infiniplex_forest_end_2, infiniplex_forest_end_double,
          infiniplex_forest_clump_large, minmay_misc_feat_tiny,
          minmay_misc_feat_cross
D:2:      layout_basic, chequers_ecumenical_altar_grove, uniq_natasha

Skill      XL: |  1  2 |
---------------+-------+-----
Dodging        | 1 |  1.2
Fighting       | |  3.8
Maces & Flails | |  2.1
Armour         | |  2.4
Stealth        | |  0.3
Invocations    | |  2.6

Action                   || total
-------------------------++-------
Melee: Mace              ||    63
Throw: Dart              ||     5
  Use: Potion            ||     3
Armor: Leather armour    ||    26
Dodge: Dodged            ||    38
